 Dungeon Crawl Stone Soup version 0.30-a0-1066-g63dfefce0d (webtiles) character file.

Game seed: 3932026314142029844

1796 Dittersdorf the Trooper (level 9, -6/57 HPs)
             Began as a Gargoyle Fighter on Apr 12, 2023.
             Killed by divine providence
             ... invoked by a meliai
              (9 damage)
             ... on level 7 of the Dungeon.
             The game lasted 00:07:33 (5881 turns).

Dittersdorf the Trooper (Gargoyle Fighter)          Turns: 5881, Time: 00:07:34

Health: -6/57      AC: 18    Str: 24    XL:     9   Next: 9%
Magic:  18/18      EV:  8    Int:  9    God:
Gold:   352        SH:  5    Dex:  9    Spells: 8/8 levels left

rFire   . . .      SeeInvis .    u - +1 flail (protect)
rCold   . . .      Faith    .    c - +0 buckler
rNeg    + . .      Spirit   .    y - +0 chain mail
rPois   ∞          Reflect  .    (no helmet)
rElec   +          Rampage  .    (no cloak)
rCorr   .                        x - +0 pair of gloves
Will    .....                    (no boots) Stlth
                                 r - amulet of the acrobat
HPRegen 0.29/turn                q - ring of flight
MPRegen 0.16/turn                v - ring of magical power

@: mighty, flying
A: sickness immunity, AC +6, negative energy resistance 1, electricity
resistance, torment resistance 1, petrification resistance
a: no special abilities


You were on level 7 of the Dungeon.
You visited 1 branch of the dungeon, and saw 7 of its levels.

You collected 352 gold pieces.

Inventory:

Hand Weapons
 u - a +1 flail of protection (weapon)
Missiles
 w - 20 poisoned darts (quivered)
Armour
 c - a +0 buckler (worn)
 x - a +0 pair of gloves (worn)
 y - a +0 chain mail (worn)
Jewellery
 q - a ring of flight (left hand)
 r - an amulet of the acrobat (around neck)
 v - a ring of magical power (right hand)
Scrolls
 g - a scroll of summoning {unknown}
 h - 3 scrolls of fog
 i - a scroll of teleportation
 m - a scroll of poison
 B - a scroll of enchant weapon
Potions
 a - 3 potions of berserk rage {unknown}
 b - a potion of attraction {unknown}
 d - 2 potions of might
 e - a potion of haste {unknown}
 f - 2 potions of invisibility {unknown}
 l - a potion of heal wounds {unknown}
 n - 2 potions of mutation {unknown}
 p - 2 potions of curing
 t - a potion of flight
 z - a potion of brilliance {unknown}


   Skills:
 + Level 7.1 Fighting
 + Level 5.9 Maces & Flails
 + Level 7.1 Armour
 + Level 7.1 Shields


You had 8 spell levels left.
You didn't know any spells.
Your spell library contained the following spells:

 Spells                   Type           Power      Damage    Failure   Level
 Sandblast                Erth           0%         2d4       94%         1
 Passwall                 Tmut/Erth      0%         N/A       98%         2
 Wereblood                Tmut           0%         N/A       98%         2
 Ignite Poison            Fire/Tmut/Pois 0%         N/A       100%        3
 Stone Arrow              Conj/Erth      0%         3d7       100%        3
 Dispel Undead            Necr           0%         3d6       100%        4
 Sticky Flame             Conj/Fire      0%         2d3       100%        4
 Death Channel            Necr           0%         N/A       100%        6
 Summon Hydra             Summ           0%         N/A       100%        7
 Ignition                 Fire           0%         3d3       100%        8
 Cigotuvi's Dreadful Rot  Necr/Pois/Air  Unusable   N/A       N/A         2
 Sublimation of Blood     Necr           Unusable   N/A       N/A         2

Dungeon Overview and Level Annotations

Branches:
Dungeon (7/15)
 Temple: D:4-7

Altars:
Ashenzari
Nemelex Xobeh

Shops:
D:2 [   D:5 (


Innate Abilities, Weirdness & Mutations

You are immune to sickness and miasma.
Your stone body is resilient. (AC +6)
You are immune to poison.
You resist negative energy. (rN+)
You are resistant to electric shocks. (rElec)
You are resistant to unholy torment.
You are immune to petrification.


Message History

The meliai attacks as you move away! The meliai closely misses you.
The meliai stings you.
The slime creature attacks as you move away!
You block the slime creature's attack. The meliai hits you with a +0 hand axe!
You block the meliai's attack.
There is an open door here.
The meliai hits you but does no damage. The meliai closely misses you.
The meliai hits you but does no damage. The meliai stings you.
The meliai hits you with a +0 hand axe.
* * * LOW HITPOINT WARNING * * *
The meliai completely misses you. The meliai misses you.
The meliai stings you but does no damage.
There is an open door here.
Throw: 22 darts (poison)
Press: ? - help, Q - select action Shift-Dir - straight line, f - meliai
Aim: a meliai, wielding a +0 hand axe and wearing a +0 leather armour (42% to hit)
You throw a poisoned dart. The poisoned dart hits the meliai.
The meliai is poisoned.
The meliai closely misses you. You block the meliai's attack.
The orc closely misses you.
The meliai invokes the aid of its god against you.
Something smites you!
* * * LOW HITPOINT WARNING * * *
The meliai hits you but does no damage. The meliai closely misses you.
Throw: 21 darts (poison)
Press: ? - help, Q - select action Shift-Dir - straight line, f/p - meliai
Aim: a meliai, wielding a +0 hand axe and wearing a +0 leather armour (lightly wounded, poisoned, 42% to hit)
You throw a poisoned dart. The poisoned dart hits the meliai.
The meliai looks even sicker.
The meliai is lightly wounded.
The meliai hits you with a +0 hand axe.
* * * LOW HITPOINT WARNING * * *
The meliai stings you but does no damage.
The meliai hits you but does no damage. The meliai stings you.
* * * LOW HITPOINT WARNING * * *
You feel very mighty all of a sudden.
The meliai invokes the aid of its god against you.
Something smites you!
You die...

..#.......# #...#.......#
###.......##.....##...#.......#..
..#####...#8.....8#####....8..'..
..#...#...##.....##...........#..
..'...#...##8...8 #...........# .
..##..#...# ##_## #'#######'### #
...################..#### ...# #
...#.......#....#J.o...'# ....# #
...#.......#....@yc....## ....# #
...#..###.##....#.###'## ..# #
...######.#....#### ... ##
...'......'....# ...# #.
...#......#....# ..... #.
...########....# ..... ## ####
###### ####


You could see a slime creature, a meliai (very poisoned), a centaur and an orc.

Vanquished Creatures
  Edmund (D:4)
  4 water moccasins (D:5)
  A sky beast (D:7)
  2 black bears
  2 ogres
  A kobold brigand (D:7)
  3 scorpions
  A howler monkey (D:5)
  A hound (D:6)
  3 jellies
  2 orc priests
  A sleepcap (D:4)
  An orc wizard (D:3)
  3 iguanas
  8 gnolls
  5 adders
  A white imp (D:6)
  2 worms
  4 dart slugs
  11 orcs
  4 ball pythons
  8 endoplasms
  2 giant cockroaches
  5 goblins
  5 hobgoblins
  7 jackals
  2 quokkas
  A bat (D:1)
  2 frilled lizards
  12 kobolds
  5 rats
110 creatures vanquished.

Notes
Turn   | Place    | Note
-------+----------+-------------------------------------------
     0 | D:1      | Dittersdorf the Gargoyle Fighter began the quest for the
                  | Orb.
     0 | D:1      | Reached XP level 1. HP: 14/14 MP: 1/1
   150 | D:1      | Reached XP level 2. HP: 19/19 MP: 2/2
   410 | D:1      | Reached XP level 3. HP: 23/23 MP: 3/3
   778 | D:2      | Found Paatwun's Antique Armour Boutique.
  1818 | D:3      | Reached XP level 4. HP: 23/29 MP: 4/4
  2107 | D:3      | Reached XP level 5. HP: 28/33 MP: 5/5
  3049 | D:4      | Reached XP level 6. HP: 39/39 MP: 6/6
  3243 | D:4      | Noticed Edmund
  3264 | D:4      | Killed Edmund
  3412 | D:4      | Found a sparkling altar of Nemelex Xobeh.
  3420 | D:4      | Noticed a black bear
  3433 | D:4      | Killed a black bear
  3434 | D:4      | Reached skill level 5 in Fighting
  3434 | D:4      | Reached skill level 5 in Armour
  3434 | D:4      | Reached skill level 5 in Shields
  3434 | D:4      | Reached XP level 7. HP: 15/44 MP: 7/7
  3968 | D:5      | Entered Level 5 of the Dungeon
  4115 | D:5      | Found Igak Kem's Weapon Emporium.
  4167 | D:5      | Reached XP level 8. HP: 43/51 MP: 8/8
  4473 | D:5      | Reached skill level 5 in Maces & Flails
  5474 | D:7      | Reached XP level 9. HP: 29/56 MP: 9/9
  5845 | D:7      | Found a broken altar of Ashenzari.
  5865 | D:7      | Noticed a meliai
  5880 | D:7      | HP: 2/57 [meliai/+0 hand axe (2)]
  5881 | D:7      | Killed from afar by a meliai

Illustrated notes

Levels and vault maps discovered:
D:1:      lightli_arrival_windingriver, layout_loops_ring
D:2:      layout_basic, serial_shops, shop, hangedman_decor_push,
          chequers_serial_rivers_large_a, minmay_heptomino_l4,
          uniq_crazy_yiuf_cottage
D:3:      layout_loops_corners
D:4:      layout_cave_pools, nemelex_xobeh_ov_fountains_minmay, uniq_edmund
D:5:      layout_basic, serial_shops, nicolae_inconvenience_store
D:6:      layout_loops_cross
D:7:      layout_gridville, old_standard_altar, nicolae_overflow_hidden_temple,
          minmay_temple_entry_wispy, hangedman_decor_points, abandoned_shop,
          minmay_three_doors, uniq_menkaure, uniq_pikel

Skill      XL: |  1  2  3  4  5  6  7  8  9 |
---------------+----------------------------+-----
Shields        | 4 5 6 7 |  7.1
Fighting       | 4 5 6 7 |  7.1
Armour         | 4 5 6 7 |  7.1
Maces & Flails | 3 4 5 |  5.9

Action                     |  1- 3 |  4- 6 |  7- 9 || total
---------------------------+-------+-------+-------++-------
  Melee: Flail             |    64 |   176 |   224 ||   464
         Mace              |    21 |     3 |       ||    24
  Throw: Dart              |       |     5 |     2 ||     7
    Use: Scroll            |       |     3 |    11 ||    14
         Potion            |       |       |     1 ||     1
 Armour: Scale mail        |    39 |   113 |     1 ||   153
         Chain mail        |       |       |   158 ||   158
  Dodge: Dodged            |    34 |    88 |   110 ||   232
  Block: Buckler           |    14 |    52 |    58 ||   124

Table legend: (Time is in decaauts)
 A = Elapsed time spent in this place.
 B = Non-inter-level travel time spent in this place.
 C = Inter-level travel time spent in this place.
 D = Time resting spent in this place.
 E = Time spent auto-exploring this place.
 F = Levels seen in this place.
 G = Mean time per level.
                   A        B        C        D        E       F      G
               +--------+--------+--------+--------+--------+-----+--------+
         Total |   6021 |   5786 |    235 |    803 |   3780 |   7 |  860.1 |
       Dungeon |   6021 |   5786 |    235 |    803 |   3780 |   7 |  860.1 |
               +--------+--------+--------+--------+--------+-----+--------+

Top non-repeatable levels by time:
     D:3: 1259 daAuts
     D:2: 1205 daAuts
     D:5: 1166 daAuts
     D:4: 858 daAuts
     D:1: 751 daAuts
     D:7: 477 daAuts
     D:6: 301 daAuts
